 Dungeon Crawl Stone Soup version 0.29.1-1-gd02db6906a (webtiles) character file.

Game seed: 17934157705487460773

49 RascalDebosk the Stinger (level 3, 0/24 HPs)
             Began as a Merfolk Venom Mage on Sept 25, 2022.
             Slain by a quokka (4 damage)
             ... on level 2 of the Dungeon.
             The game lasted 00:10:32 (1321 turns).

RascalDebosk the Stinger (Merfolk Venom Mage)       Turns: 1321, Time: 00:10:33

Health: 0/24       AC:  2    Str:  8    XL:     3   Next: 75%
Magic:  0/6        EV: 13    Int: 16    God:
Gold:   48         SH:  0    Dex: 20    Spells: 3/6 levels left

rFire   . . .      SeeInvis .   i - +0 short sword
rCold   . . .      Faith    .   (no shield)
rNeg    . . .      Spirit   .   a - +0 robe
rPois   .          Reflect  .   (no helmet)
rElec   .          Harm     .   h - scarf {+Inv}
rCorr   .          Rampage  .   (no gloves)
Will    .....                   (no boots)
Stlth   ++........              (no amulet)
HPRegen 0.08/turn               f - +6 ring of dexterity
MPRegen 0.10/turn               (no ring)

@: no status effects
A: (nimble swimmer 2), mertail
a: Evoke Invisibility


You were on level 2 of the Dungeon.
You visited 1 branch of the dungeon, and saw 2 of its levels.

You collected 48 gold pieces.

Inventory:

Hand Weapons
 i - a +0 short sword (weapon)
Armour
 a - a +0 robe (worn)
 h - a scarf of invisibility (worn)
Jewellery
 f - a +6 ring of dexterity (left hand)
Scrolls
 c - 2 scrolls of teleportation {unknown}
 d - a scroll of butterflies {unknown}
 e - a scroll of enchant armour {unknown}
 g - a scroll of identify {unknown}
Potions
 b - a potion of magic


   Skills:
 + Level 3.2 Dodging
 + Level 2.6 Stealth
 + Level 2.3 Spellcasting
 - Level 2.0 Transmutations
 + Level 3.6 Poison Magic
 + Level 1.1 Invocations
 + Level 0.6 Evocations


You had 3 spell levels left.
You knew the following spells:

 Your Spells              Type           Power      Damage    Failure   Level
a - Sting                 Tmut/Pois      40%        1d5       6%          1
b - Poisonous Vapours     Pois/Air       14%        N/A       14%         2

Your spell library contained the following spells:

 Spells                   Type           Power      Damage    Failure   Level
 Mephitic Cloud           Conj/Pois/Air  5%         N/A       36%         3
 Olgreb's Toxic Radiance  Pois           13%        N/A       41%         4


Dungeon Overview and Level Annotations

Branches:
Dungeon (2/15)

Altars:


Innate Abilities, Weirdness & Mutations

((You are very nimble when in or above water. (Stealth+, EV+, Speed+++)))
Your lower body shifts to a powerful aquatic tail in water.


Message History

The gnoll is moderately wounded.
The gnoll shouts!
You hear a shout!
Aiming: Sting (safe; 7% risk of failure)
Press: ? - help, Q - select action, (/) - cycle Shift-Dir - straight line, f/p - goblin
Aim: a goblin, wielding a +0 dagger (64% to hit)
The sting hits the goblin.
The goblin is poisoned.
You kill the goblin!
* * * LOW MAGIC WARNING * * *
Aiming: Sting (safe; 7% risk of failure)
Press: ? - help, Q - select action, (/) - cycle Shift-Dir - straight line, f - gnoll
Aim: a gnoll, wielding a +0 club (moderately wounded, poisoned, 75% to hit)
The sting hits the gnoll.
The gnoll looks even sicker.
The gnoll is severely wounded.
* * * LOW MAGIC WARNING * * *
A quokka comes into view.
A gnoll comes into view. It is wielding a +0 club.
You kill the gnoll!
Training target 2.0 for Transmutations reached!
Your Transmutations skill increases to level 2!
Casting: Sting (safe; 6% risk of failure)
Confirm with . or Enter, or press ? or * to list all spells.
Aiming: Poisonous Vapours (safe; 14% risk of failure)
Press: ? - help, Dir - move target, f - gnoll
Aim: a gnoll, wielding a +0 club Poisonous vapours surround the gnoll!
The gnoll is poisoned.
* * * LOW MAGIC WARNING * * *
The gnoll looks more healthy.
A gnoll comes into view. It is wielding a +0 whip.
Aiming: Sting (safe; 6% risk of failure)
Press: ? - help, Q - select action, (/) - cycle Shift-Dir - straight line, f/p - gnoll
Aim: a gnoll, wielding a +0 club (moderately wounded, 75% to hit)
The sting hits the gnoll.
The gnoll is poisoned.
The gnoll is heavily wounded.
The gnoll shouts!
* * * LOW MAGIC WARNING * * *
The gnoll looks more healthy.
Aiming: Sting (safe; 6% risk of failure)
Press: ? - help, Q - select action, (/) - cycle Shift-Dir - straight line, f/p - gnoll
Aim: a gnoll, wielding a +0 club (severely wounded, 75% to hit)
The sting hits the gnoll.
The gnoll is poisoned.
The gnoll is almost dead.
* * * LOW MAGIC WARNING * * *
You kill the gnoll!
Aiming: Sting (safe; 6% risk of failure)
Press: ? - help, Q - select action, (/) - cycle Shift-Dir - straight line, f - kobold
Aim: a kobold, wielding a +0 short sword (64% to hit)
The sting hits the kobold.
The kobold is poisoned.
The kobold is severely wounded.
* * * LOW MAGIC WARNING * * *
The kobold attacks as you move away! The kobold closely misses you.
You kill the kobold!
The quokka barely misses you. The quokka attacks as you move away!
The quokka barely misses you. The quokka closely misses you.
The quokka bites you.
You see here a +0 club.
Aiming: Sting (safe; 6% risk of failure)
Press: ? - help, Q - select action, (/) - cycle Shift-Dir - straight line, f - quokka
Aim: a quokka (60% to hit)
The sting misses the quokka.
* * * LOW MAGIC WARNING * * *
The quokka closely misses you. The quokka attacks as you move away!
The quokka bites you. The quokka attacks as you move away!
The quokka bites you but does no damage.
The quokka bites you. The quokka attacks as you move away!
The quokka bites you.
You see here a +0 short sword.
Aiming: Sting (safe; 6% risk of failure)
Press: ? - help, Q - select action, (/) - cycle Shift-Dir - straight line, f/p - quokka
Aim: a quokka (60% to hit)
The sting misses the quokka.
The sting hits the gnoll.
The gnoll is poisoned.
The gnoll is lightly wounded.
* * * LOW MAGIC WARNING * * *
The quokka barely misses you. The quokka attacks as you move away!
The quokka bites you. The quokka closely misses you.
The quokka attacks as you move away!
The quokka bites you but does no damage.
The gnoll looks more healthy.
The quokka attacks as you move away! The quokka barely misses you.
The quokka bites you.
* * * LOW HITPOINT WARNING * * *
The quokka attacks as you move away! The quokka bites you.
* * * LOW HITPOINT WARNING * * *
The quokka twitches its whiskers.
Aiming: Sting (safe; 6% risk of failure)
Press: ? - help, Q - select action, (/) - cycle Shift-Dir - straight line, f/p - quokka
Aim: a quokka (60% to hit)
The sting hits the quokka.
The quokka is poisoned.
The quokka is lightly wounded.
* * * LOW MAGIC WARNING * * *
The quokka bites you.
* * * LOW HITPOINT WARNING * * *
The quokka bites you.
* * * LOW HITPOINT WARNING * * *
Unknown command.
The quokka attacks as you move away! The quokka bites you.
You die...

##############
#............#
#..)....).@..#
#..########r.#
#........g...#
#....######...#
#.#...........#
#.#...####...##
#.##........##
#.##...##...#
#.##........##


You could see a quokka (poisoned).

Vanquished Creatures
  An adder (D:2)
  2 gnolls (D:2)
  A bat (D:1)
  An endoplasm (D:1)
  2 goblins
  2 hobgoblins
  2 quokkas (D:1)
  4 ball pythons
  A frilled lizard (D:2)
  3 kobolds
  2 rats (D:1)
21 creatures vanquished.

Notes
Turn   | Place    | Note
-------+----------+-------------------------------------------
     0 | D:1      | RascalDebosk the Merfolk Venom Mage began the quest for the
                  | Orb.
     0 | D:1      | Reached XP level 1. HP: 13/13 MP: 3/3
   325 | D:1      | Reached XP level 2. HP: 19/19 MP: 3/5
   548 | D:1      | Learned a level 2 spell: Poisonous Vapours
   990 | D:2      | Reached XP level 3. HP: 9/24 MP: 0/6
   997 | D:2      | Reached skill level 1 in Invocations
  1321 | D:2      | Slain by a quokka

Illustrated notes

Levels and vault maps discovered:
D:1:      eino_arrival_water_star, layout_basic
D:2:      layout_rooms, hellmonk_ecumenical_altar_arch_garden,
          minmay_misc_feat_more_columns

Skill      XL: |  1  2  3 |
---------------+----------+-----
Dodging        | 3 |  3.2
Invocations    | 1 |  1.1
Transmutations | 2 |  2.0
Stealth        | |  2.6
Spellcasting   | |  2.3
Poison Magic   | |  3.6
Evocations     | |  0.6

Action                   || total
-------------------------++-------
Melee: Short sword       ||     1
 Cast: Sting             ||    37
       Poisonous Vapours ||     4
Armor: Robe              ||     5
Dodge: Dodged            ||    26
